 Dungeon Crawl Stone Soup version 0.20-a0-513-g02c11fc (webtiles) character file.

370 Minion the Chopper (level 6, -14/44 HPs)
             Began as a Demonspawn Gladiator on Jan 23, 2017.
             Killed from afar by Dowan (22 damage)
             ... with a shard of ice
             ... on level 4 of the Dungeon.
             The game lasted 00:06:00 (1778 turns).

Minion the Chopper (Demonspawn Gladiator)           Turns: 1778, Time: 00:06:01

Health: -14/44     AC:  7    Str: 15    XL:     6   Next: 42%
Magic:  6/6        EV: 13    Int:  9    God:
Gold:   253        SH:  0    Dex: 16    Spells: 5/5 levels left

rFire    . . .     SeeInvis .   a - +0 war axe
rCold    + . .     Gourm    .   b - +0 leather armour
rNeg     . . .     Faith    .   (no shield)
rPois    .         Spirit   .   c - +0 helmet
rElec    .         Reflect  .   (no cloak)
rCorr    .         Harm     .   h - +2 pair of gloves
MR       .....                  (no boots)
Stlth    +.........             (no amulet)
Regen    0.2/turn               (no ring)
                                (no ring)

@: no status effects
A: claws 1, fangs 1, cold resistance 1, powered by death 1, sturdy frame 1
a: no special abilities


You were on level 4 of the Dungeon.
You were not hungry.

You visited 1 branch of the dungeon, and saw 5 of its levels.

You collected 253 gold pieces.

Inventory:

Hand Weapons
 a - a +0 war axe (weapon)
Missiles
 d - 3 throwing nets (quivered)
Armour
 b - a +0 leather armour (worn)
 c - a +0 helmet (worn)
 h - a +2 pair of gloves (worn)
Scrolls
 e - 4 scrolls of identify {unknown}
 g - 2 scrolls of magic mapping {unknown}
 j - 2 scrolls of random uselessness {unknown}
 k - a scroll of recharging {unknown}
 r - a scroll of noise {unknown}
 u - a scroll of remove curse {unknown}
 v - a scroll of enchant weapon {unknown}
Potions
 n - a potion of brilliance
 t - a potion of flight
Comestibles
 f - 3 bread rations
 i - 5 chunks of flesh
 l - 2 royal jellies
 w - a fruit


   Skills:
 - Level 2.0 Fighting
 * Level 6.7 Axes
 - Level 1.7 Throwing
 - Level 2.6 Dodging


You had 5 spell levels left.
You didn't know any spells.

Dungeon Overview and Level Annotations

Branches:
Dungeon (5/15)
 Temple: D:4-7

Altars:

Annotations:
D:4 Dowan


Innate Abilities, Weirdness & Mutations

You have sharp fingernails.
Your flesh is cold resistant. (rC+)
You regenerate a little health from kills.
Your movements are slightly less encumbered by armour. (ER -2)
You have very sharp teeth.


Message History

Dowan seems to find hidden reserves of power!
You are too injured to fight recklessly!
You barely miss the orc.
The orc complains noisily.
The orc hits you but does no damage.
You barely miss the orc. The orc completely misses you.
Dowan casts a spell.
Dowan blinks!
You hit the orc but do no damage. The orc hits you but does no damage.
The orc closely misses you.
You completely miss the orc.
Dowan casts a spell.
Dowan blinks!
The orc hits you but does no damage.
You barely miss the orc. You barely miss Dowan. Dowan closely misses you.
The orc hits you.
* * * LOW HITPOINT WARNING * * *
Dowan gestures at you while chanting. The shard of ice hits you!
You partially resist.
Ouch! That really hurt!
You die...

.....................
......#.#####.#######
......#..# #.........
......##.# #..######.
##########
#..#######. #.
#.......... #.
##.#########. ..
#.##.e...... . #.##@#
..###.#.##o#
8.....#.##l#
#...#ยง.##
##..#.#.#.#.#.
#............
##.#.#.#e#.#.
#.........
#.#.#.#.#.#


You could see Dowan, an orc and a leopard gecko.

Vanquished Creatures
  Duvessa (D:4)
  An ogre (D:4)
  A scorpion (D:5)
  A howler monkey (D:4)
  A worker ant (D:4)
  3 adders
  2 oozes
  3 giant cockroaches
  3 hobgoblins
  3 jackals (D:1)
  A ball python (D:1)
  6 bats
  5 frilled lizards
  8 goblins
  6 kobolds
  3 rats
48 creatures vanquished.

Notes
Turn   | Place    | Note
-------+----------+-------------------------------------------
     0 | D:1      | Minion the Demonspawn Gladiator began the quest for the Orb.
     0 | D:1      | Reached XP level 1. HP: 16/16 MP: 1/1
    37 | D:1      | Reached skill level 3 in Axes
   276 | D:1      | Gained mutation: You have sharp fingernails. [demonic ancestry]
   276 | D:1      | Reached XP level 2. HP: 19/22 MP: 2/2
   562 | D:1      | Gained mutation: Your movements are slightly less encumbered by armour. (ER -2) [demonic ancestry]
   562 | D:1      | Reached XP level 3. HP: 23/27 MP: 3/3
   844 | D:2      | Reached skill level 4 in Axes
  1287 | D:3      | You fall through a shaft for 2 floors!
  1287 | D:5      | Entered Level 5 of the Dungeon
  1309 | D:5      | Noticed a scorpion
  1322 | D:5      | Gained mutation: You are clumsy. (Dex -2) [potion of mutation]
  1322 | D:5      | Lost mutation: You are clumsy. (Dex -2) [potion of mutation]
  1322 | D:5      | Gained mutation: You have very sharp teeth. [potion of mutation]
  1335 | D:5      | Killed a scorpion
  1335 | D:5      | Gained mutation: Your flesh is cold resistant. (rC+) [demonic ancestry]
  1335 | D:5      | Reached XP level 4. HP: 33/33 MP: 4/4
  1435 | D:4      | Reached skill level 5 in Axes
  1439 | D:4      | Gained mutation: You regenerate a little health from kills. [demonic ancestry]
  1439 | D:4      | Reached XP level 5. HP: 21/38 MP: 5/5
  1673 | D:4      | Noticed an ogre
  1685 | D:4      | Killed an ogre
  1739 | D:4      | Noticed Duvessa
  1743 | D:4      | Noticed Dowan
  1756 | D:4      | Reached skill level 6 in Axes
  1756 | D:4      | Reached XP level 6. HP: 39/44 MP: 6/6
  1773 | D:4      | Killed Duvessa
  1778 | D:4      | Killed from afar by Dowan

Vault maps used:
D:1:      dpeg_arrival_simpleton_c
D:2:      grunt_decor_cap, minivault_26
D:3:      first_bread
D:4:      st_stairs_10, grunt_ministairs_14, uniq_duvessa
D:5:      gammafunk_temple_overflow_wave, minivault_23, fedhas_altar_3

Skill      XL: |  1  2  3  4  5 |
---------------+----------------+-----
Axes           | 3 4 5 6 |  6.7
Fighting       | |  2.0
Throwing       | |  1.7
Dodging        | |  2.6

Action                   |  1- 3 |  4- 6 || total
-------------------------+-------+-------++-------
Melee: War axe           |   114 |    63 ||   177
       Bite              |       |     8 ||     8
  Use: Potion            |     8 |     1 ||     9
  Eat: Chunk             |     1 |     2 ||     3
Armor: Leather armour    |    53 |    19 ||    72
       Skin              |     8 |       ||     8
Dodge: Dodged            |    90 |    42 ||   132
